 Dungeon Crawl Stone Soup version 0.30-a0-696-g2367cd04db (webtiles) character file.

Game seed: 7016445049971463294

3076 BigDaddyOpFi the Ducker (level 10, -3/60 HPs)
             Began as a Djinni Fire Elementalist on Jan 20, 2023.
             Slain by an orc wizard
             ... wielding a +0 whip
              (6 damage)
             ... on level 8 of the Dungeon.
             The game lasted 00:11:21 (8635 turns).

BigDaddyOpFi the Ducker (Djinni Fire Elementalist)  Turns: 8635, Time: 00:11:22

Health: -3/60      AC:  2    Str:  7    XL:     10   Next: 12%
Gold:   448        EV: 19    Int: 21    God:
                   SH:  0    Dex: 26

rFire   + + .      SeeInvis .    l - +3 dagger (protect)
rCold   x . .      Faith    .    (no shield)
rNeg    . . .      Spirit   .    a - +0 robe
rPois   ∞          Reflect  .    (no helmet)
rElec   .          Harm     .    (no cloak)
rCorr   .          Rampage  .    (no gloves)
Will    +....                    (boots unavailable)
Stlth   ++++                     (no amulet)
HPRegen 0.30/turn                A - +6 ring of dexterity
MPRegen 0.00/turn                v - +6 ring of dexterity

@: flying
A: sickness immunity, fire resistance 2, cold vulnerability 1, float, innate
caster, HP casting, extra vitality 1
a: no special abilities


You were on level 8 of the Dungeon.
You visited 1 branch of the dungeon, and saw 8 of its levels.

You collected 448 gold pieces.

Inventory:

Hand Weapons
 e - a +0 short sword of protection
 l - a +3 dagger of protection (weapon)
Missiles
 u - a throwing net
Armour
 a - a +0 robe (worn)
Jewellery
 v - a +6 ring of dexterity (right hand)
 A - a +6 ring of dexterity (left hand)
Wands
 y - a wand of polymorph (8)
Scrolls
 g - a scroll of teleportation
 i - 2 scrolls of vulnerability
 k - 4 scrolls of identify
 m - a scroll of fog
 n - a scroll of torment
 o - a scroll of fear
 t - a scroll of poison
 w - 2 scrolls of noise
Potions
 b - a potion of magic
 c - 2 potions of might {unknown}
 d - 2 potions of curing
 f - a potion of heal wounds {unknown}
 h - a potion of mutation {unknown}
 j - a potion of resistance
 q - a potion of invisibility {unknown}
 r - 3 potions of brilliance
 s - 2 potions of attraction {unknown}
 x - a potion of experience {unknown}
 z - a potion of haste {unknown}
 B - 2 potions of flight {unknown}
 C - a potion of berserk rage {unknown}
 D - a potion of degeneration {unknown}


   Skills:
 - Level 7.7 Dodging
 - Level 6.3 Stealth
 + Level 7.7 Spellcasting


You had 2 spell levels left.
You knew the following spells:

 Your Spells              Type           Power      Damage    Failure   Level
a - Foxfire               Conj/Fire      100%       2x1d9     1%          1
b - Scorch                Fire           80%        2d9       1%          2
c - Kindle Blastsparks    Fire/Tloc/Air  80%        2d16      1%          3
d - Inner Flame           Hex/Fire       40%        N/A       1%          3
e - Flame Wave            Conj/Fire      40%        2d11      3%          4
f - Summon Small Mammal   Summ           100%       N/A       1%          1
g - Momentum Strike       Conj/Tloc      80%        3d10      1%          2
h - Searing Ray           Conj           80%        2d7       1%          2
i - Cause Fear            Hex            20%        N/A       3%          4
Your spell library was empty.

Dungeon Overview and Level Annotations

Branches:
Dungeon (8/15)             Temple (0/1) D:5
   Lair: D:8-11

Altars:
Dithmenos
Okawaru
Uskayaw


Innate Abilities, Weirdness & Mutations

You are immune to sickness and miasma.
You are immune to poison.
Your flesh is very heat resistant. (rF++)
You are vulnerable to cold. (rC-)
You float through the air rather than walking.
You learn spells naturally, not from books.
Your magical power is your life essence.
You have superior vitality. (+4 MHP)


Message History

The orc wizard shouts!
There is an open door here.
You see here a throwing net.
Casting: Scorch (safe; 1% risk of failure)
Confirm with . or Enter, or press ? or * to list all spells.
Flames lash the orc wizard.
The orc wizard is heavily wounded.
The orc wizard's fire resistance burns away.
The orc shouts!
The orc priest looks braver for a moment.
The orc wizard casts a spell.
The orc wizard flickers and vanishes!
Deactivating autopickup; reactivate with Ctrl-A.
The orc attacks as you move away! The orc barely misses you.
Casting: Scorch (safe; 1% risk of failure)
Confirm with . or Enter, or press ? or * to list all spells.
Aiming: Searing Ray (safe; 1% risk of failure)
Press: ? - help, Shift-Dir - straight line, f - orc warrior
Aim: an orc warrior, wielding a +0 halberd and wearing a +0 chain mail (80% to hit)
The searing ray hits the orc!
You kill the orc!
The searing ray hits the orc warrior but does no damage. (Press . to maintain the ray.)
The orc warrior hits you from afar with a +0 halberd!
Unknown command.
The searing ray hits the orc warrior.
The orc warrior is moderately wounded.
The orc warrior hits you from afar with a +0 halberd.
You hear some strange, mumbled words.
You are confused.
You bump into the rock wall.
The orc warrior hits you from afar with a +0 halberd!
* * * LOW HITPOINT WARNING * * *
You are too confused!
You are too confused!
You feel better.
The orc warrior hits you from afar with a +0 halberd!
* * * LOW HITPOINT WARNING * * *
Something hits you.
You die...

#........... #.#.#
#........... #.#.#
###.)....########.#.#
#....).'........#..
#......######.###..
#.)....# #......
#.oo...# #.###.#
##{##### #.# #..
#@....######'#####
#.###.........#
#.###.).......####
#.............+...
######.####........##.#
#.........+.........#.#
#.####.####.........#.#
#.# #.# ####'##...#..
#.# #.# #)##...'..


You could see an orc warrior and an orc priest.

Vanquished Creatures
  4 yaks (D:8)
  2 humans (D:8)
  A wyvern (D:7)
  A water moccasin (D:7)
  2 black bears
  An orc warrior (D:4)
  An ice beast (D:6)
  A phantom (D:5)
  A kobold brigand (D:8)
  A bullfrog (D:6)
  4 necrophages
  3 scorpions (D:6)
  A gnoll sergeant (D:8)
  3 wights (D:6)
  2 howler monkeys
  5 hounds
  4 jellies
  A gnoll bouda (D:5)
  Terence (D:3)
  3 orc wizards
  An iguana (D:2)
  Robin (D:2)
  7 gnolls
  4 adders
  4 shadow imps
  A white imp (D:6)
  An ufetubus (D:6)
  4 worms
  16 orcs
  9 endoplasms
  6 giant cockroaches
  11 hobgoblins
  9 kobolds
  3 quokkas
  4 ball pythons
  3 bats (D:1)
  2 frilled lizards
  15 goblins
  3 rats
146 creatures vanquished.

Vanquished Creatures (others)
  672 foxfires
672 creatures vanquished.

Grand Total: 818 creatures vanquished

Notes
Turn   | Place    | Note
-------+----------+-------------------------------------------
     0 | D:1      | BigDaddyOpFi the Djinni Fire Elementalist began the quest
                  | for the Orb.
     0 | D:1      | BigDaddyOpFi set off with the following spells memorised:
                  | Foxfire, Scorch, Kindle Blastsparks, Inner Flame, Flame
                  | Wave.
     0 | D:1      | Reached XP level 1. HP: 15/15 MP: 0/0
   187 | D:1      | Reached XP level 2. HP: 16/21 MP: 0/0
   193 | D:1      | Reached XP level 3. HP: 14/25 MP: 0/0
   193 | D:1      | Learned a level 1 spell: Summon Small Mammal
  1287 | D:2      | Reached XP level 4. HP: 18/31 MP: 0/0
  1355 | D:2      | Noticed Robin
  1362 | D:2      | Killed Robin
  1558 | D:2      | Reached XP level 5. HP: 30/35 MP: 0/0
  1558 | D:2      | Learned a level 2 spell: Momentum Strike
  2369 | D:3      | Noticed Terence
  2388 | D:3      | Killed Terence
  2636 | D:4      | Noticed a black bear
  2647 | D:4      | Killed a black bear
  2648 | D:4      | Reached XP level 6. HP: 18/40 MP: 0/0
  3189 | D:4      | Reached XP level 7. HP: 32/45 MP: 0/0
  3189 | D:4      | Learned a level 2 spell: Searing Ray
  3892 | D:5      | Entered Level 5 of the Dungeon
  3908 | D:5      | Reached skill level 5 in Dodging
  4426 | D:5      | Reached XP level 8. HP: 34/50 MP: 0/0
  4625 | D:5      | Found a staircase to the Ecumenical Temple.
  5511 | D:6      | Reached skill level 5 in Stealth
  5664 | D:6      | Reached skill level 5 in Spellcasting
  5827 | D:6      | Found a shadowy altar of Dithmenos.
  6094 | D:6      | Found a hide-covered altar of Uskayaw.
  6143 | D:6      | Reached XP level 9. HP: 49/55 MP: 0/0
  6143 | D:6      | Learned a level 4 spell: Cause Fear
  7451 | D:8      | Found an iron altar of Okawaru.
  8289 | D:8      | Reached XP level 10. HP: 19/60 MP: 0/0
  8635 | D:8      | HP: 3/60 [orc warrior/+0 halberd (17)]
  8635 | D:8      | Slain by an orc wizard

Illustrated notes

Levels and vault maps discovered:
D:1:      grunt_arrival_crossed_arrows, layout_loops_ring, st_stairs_11
D:2:      layout_basic, chequers_decorated_corner, minmay_cut_off, uniq_robin
D:3:      layout_rooms, uniq_terence
D:4:      layout_loops_ring, nicolae_vehumet_altar_sigil
D:5:      layout_loops_ring, minmay_temple_entry_junction,
          kennysheep_generic_room_15
D:6:      layout_basic, grunt_dithmenos_smoke, mainiacjoe_overflow_24_doors
D:7:      layout_basic
D:8:      layout_basic, okawaru_humans, nicolae_shop_overcharged_wands

Skill      XL: |  1  2  3  4  5  6  7  8  9 |
---------------+----------------------------+-----
Stealth        | 2 3 4 5 6 |  6.3
Dodging        | 3 4 5 6 7 |  7.7
Spellcasting   | 3 4 5 7 |  7.7

Action                   |  1- 3 |  4- 6 |  7- 9 | 10-12 || total
-------------------------+-------+-------+-------+-------++-------
Melee: Unarmed           |    15 |       |       |       ||    15
       Short sword       |    22 |       |       |       ||    22
       Dagger            |       |    10 |    10 |     5 ||    25
       Punch             |       |       |       |     1 ||     1
 Cast: Foxfire           |    94 |   135 |   216 |     1 ||   446
       Scorch            |       |     3 |    58 |     8 ||    69
       Kindle Blastspark |       |       |     1 |       ||     1
       Searing Ray       |       |       |     6 |     2 ||     8
       Momentum Strike   |       |       |     3 |       ||     3
  Use: Scroll            |     2 |       |    16 |     1 ||    19
       Potion            |       |     1 |     2 |     3 ||     6
 Stab: Sleeping          |     1 |       |       |       ||     1
Armor: Robe              |    13 |       |    13 |     1 ||    27
Dodge: Dodged            |    36 |    27 |    75 |     7 ||   145

Table legend: (Time is in decaauts)
 A = Elapsed time spent in this place.
 B = Non-inter-level travel time spent in this place.
 C = Inter-level travel time spent in this place.
 D = Time resting spent in this place.
 E = Time spent auto-exploring this place.
 F = Levels seen in this place.
 G = Mean time per level.
                   A        B        C        D        E       F      G
               +--------+--------+--------+--------+--------+-----+--------+
         Total |   8635 |   8452 |    183 |   1938 |   5338 |   8 | 1079.4 |
       Dungeon |   8635 |   8452 |    183 |   1938 |   5338 |   8 | 1079.4 |
               +--------+--------+--------+--------+--------+-----+--------+

Top non-repeatable levels by time:
     D:4: 1731 daAuts
     D:8: 1245 daAuts
     D:1: 1128 daAuts
     D:6: 1083 daAuts
     D:5: 1069 daAuts
     D:7: 908 daAuts
     D:2: 881 daAuts
     D:3: 585 daAuts
